 Dungeon Crawl Stone Soup version 0.27.1-1-g398f81649c (webtiles) character file.

Game seed: 7915186866166373523

281 Atelerd the Digger (level 6, -6/39 HPs)
             Began as an Octopode Earth Elementalist on Sept 21, 2021.
             Mangled by a gnoll (8 damage)
             ... on level 3 of the Dungeon.
             The game lasted 00:04:33 (3337 turns).

Atelerd the Digger (Octopode Earth Elementalist)    Turns: 3337, Time: 00:04:34

Health: -6/39      AC:  1    Str:  7    XL:     6   Next: 27%
Magic:  1/10       EV: 13    Int: 19    God:
Gold:   79         SH:  0    Dex: 13    Spells: 5/10 levels left

rFire    . . .     SeeInvis .   e - +0 dagger
rCold    . . .     Faith    .   (no shield)
rNeg     . . .     Spirit   .   (helmet restricted)
rPois    .         Reflect  .   (no amulet)
rElec    .         Harm     .   (no ring)
rCorr    .         Rampage  .   (no ring)
Will     .....                  (no ring)
Stlth    +++.......             (no ring)
HPRegen  0.13/turn              (no ring)
MPRegen  0.12/turn              (no ring)
                                (no ring)
                                (no ring)

@: no status effects
A: almost no armour, amphibious, 8 rings, camouflage 1, gelatinous body 1,
(nimble swimmer 1), tentacles
a: no special abilities


You were on level 3 of the Dungeon.
You visited 1 branch of the dungeon, and saw 3 of its levels.
You also visited: Sewer.

You collected 79 gold pieces.

Inventory:

Hand Weapons
 e - a +0 dagger (weapon)
Missiles
 b - 17 stones
Wands
 c - a wand of flame (14)
Scrolls
 a - a scroll of noise
 f - a scroll of brand weapon
 g - a scroll of vulnerability {unknown}
Miscellaneous
 d - a phantom mirror


   Skills:
 - Level 2.0 Fighting
 + Level 3.0 Dodging
 + Level 4.1 Stealth
 + Level 2.8 Spellcasting
 * Level 2.8 Transmutations
 * Level 4.1 Earth Magic


You had 5 spell levels left.
You knew the following spells:

 Your Spells              Type           Power      Damage    Failure   Level
a - Sandblast             Erth           36%        2d10      2%          1
b - Petrify               Tmut/Erth      16%        N/A       36%         4

Your spell library contained the following spells:

 Spells                   Type           Power      Damage    Failure   Level
 Passwall                 Tmut/Erth      13%        N/A       5%          2
 Stone Arrow              Conj/Erth      20%        3d8       21%         3
 Lee's Rapid Deconstruct  Erth           9%         3d8*      61%         5


Dungeon Overview and Level Annotations

Branches:
Dungeon (3/15)              Sewer (visited)

Altars:

Annotations:
D:3 Robin


Innate Abilities, Weirdness & Mutations

You cannot wear most types of armour.
You are amphibious.
You can wear up to eight rings at the same time.
Your skin changes colour to match your surroundings (Stealth+).
Your rubbery body absorbs attacks. (AC +1, EV +1)
((You are camouflaged near water. (Stealth+)))
You have tentacles for arms and can constrict up to eight enemies at once.


Message History

Aiming: Sandblast (safe; 2% risk of failure)
Press: ? - help, Shift-Dir - straight line, f/p - gnoll
Aim: a gnoll, wielding a +2 flail of protection and wearing a +0 scale mail (85% to hit)
The blast of sand hits the gnoll but does no damage.
The gnoll barely misses you.
Unknown command.
Casting: Sandblast (safe; 2% risk of failure)
Confirm with . or Enter, or press ? or * to list all spells.
You don't have enough magic to cast this spell.
Unknown command.
Unknown command.
Aiming: Throw Flame
Press: ? - help, Shift-Dir - straight line, f/p - gnoll
Aim: a gnoll, wielding a +2 flail of protection and wearing a +0 scale mail (77% to hit)
The puff of flame hits the gnoll but does no damage.
The gnoll is engulfed in a cloud of scalding steam.
Unknown command.
Aiming: Throw Flame
Press: ? - help, Shift-Dir - straight line, f/p - gnoll
Aim: a gnoll, wielding a +2 flail of protection and wearing a +0 scale mail (steam, lightly wounded, 77% to hit)
The puff of flame hits the gnoll but does no damage.
The gnoll is lightly wounded.
The gnoll hits you with a +2 flail of protection!
* * * LOW HITPOINT WARNING * * *
Unknown command.
The gnoll is engulfed in a cloud of scalding steam.
There is a collapsed entrance here.
Aiming: Throw Flame
Press: ? - help, Shift-Dir - straight line, f/p - gnoll
Aim: a gnoll, wielding a +2 flail of protection and wearing a +0 scale mail (moderately wounded, 77% to hit)
The puff of flame hits the gnoll!
The gnoll is almost dead.
Unknown command.
Aiming: Throw Flame
Press: ? - help, Shift-Dir - straight line, f/p - gnoll
Aim: a gnoll, wielding a +2 flail of protection and wearing a +0 scale mail (steam, almost dead, 77% to hit)
The puff of flame hits the gnoll.
The gnoll is almost dead.
The gnoll hits you with a +2 flail of protection!
You die... gg..

... #........#
#g.......####
gg##........
#.##......###
#S##......#≈#......#
#.##......#@#.......
#.##......#g#......#
#S##......#≈#......##
#....#'#..#≈#.......#
####)#....#)#.......+
#######.###.##)#.......#
#.....#.# #.##≈#####'#
###.#.#.###..#≈#.....#
#...#.#..........g...#


You could see a gnoll.

Vanquished Creatures
  2 bullfrogs (Sewer)
  Jessica (D:2)
  3 adders
  2 gnolls (D:3)
  3 worms (D:2)
  2 dart slugs
  An orc (D:3)
  5 ball pythons
  2 endoplasms
  8 giant cockroaches
  8 goblins
  4 hobgoblins
  6 jackals (D:2)
  3 kobolds
  4 quokkas
  A ball python skeleton (D:2)
  2 bats
  10 frilled lizards
  3 rats
70 creatures vanquished.

Notes
Turn   | Place    | Note
-------+----------+-------------------------------------------
     0 | D:1      | Atelerd the Octopode Earth Elementalist began the quest for
                  | the Orb.
     0 | D:1      | Reached XP level 1. HP: 11/11 MP: 3/3
   313 | D:1      | You fall into a shaft and drop 1 floor!
   459 | D:2      | Reached XP level 2. HP: 13/18 MP: 3/5
   730 | D:2      | Noticed Jessica
   739 | D:2      | Killed Jessica
   740 | D:2      | Reached skill level 1 in Fighting
   740 | D:2      | Reached XP level 3. HP: 18/23 MP: 1/6
  1073 | D:2      | Reached XP level 4. HP: 14/28 MP: 7/7
  1653 | D:2      | Learned a level 4 spell: Petrify
  2358 | D:3      | Found a glowing drain.
  2370 | Sewer    | Entered a sewer
  2555 | Sewer    | Reached XP level 5. HP: 23/33 MP: 8/8
  2942 | Sewer    | Reached XP level 6. HP: 39/39 MP: 7/10
  3072 | D:3      | Noticed Robin
  3334 | D:3      | HP: 1/39 [gnoll (9)]
  3337 | D:3      | Mangled by a gnoll

Illustrated notes

Levels and vault maps discovered:
D:1:      minmay_arrival_five_plusses, layout_basic, minmay_misc_feat_square,
          chequers_serial_rivers_large_a
D:2:      kennysheep_the_goblin_king, layout_basic, kennysheep_generic_room_11,
          uniq_jessica
D:3:      layout_basic, portal_sewer_entry_d, uniq_robin

Skill      XL: |  1  2  3  4  5  6 |
---------------+-------------------+-----
Stealth        | 3 4 |  4.1
Fighting       | 1 2 |  2.0
Transmutations | 2 |  2.8
Earth Magic    | 4 |  4.1
Dodging        | 3 |  3.0
Spellcasting   | |  2.8

Action                   |  1- 3 |  4- 6 || total
-------------------------+-------+-------++-------
Melee: Unarmed           |     7 |       ||     7
       Tentacles         |     2 |    20 ||    22
       Dagger            |    18 |   122 ||   140
       Constrict         |     6 |    29 ||    35
 Cast: Sandblast         |    27 |    28 ||    55
Evoke: Wand              |       |     4 ||     4
  Use: Scroll            |       |     3 ||     3
 Stab: Sleeping          |     1 |     6 ||     7
Armor: Skin              |       |     9 ||     9
Dodge: Dodged            |    22 |    76 ||    98
